[Event "ICCopen2017"]
[Site "Internet Chess Club"]
[Date "2017.03.25"]
[Round "5"]
[White "chess222"]
[Black "checkmatiste"]
[Result "0-1"]
[ICCResult "White forfeits on time"]
[WhiteElo "1824"]
[BlackElo "1587"]
[Opening "Caro-Kann: exchange variation"]
[ECO "B13"]
[NIC "CK.02"]
[Time "14:50:40"]
[TimeControl "180+0"]

1. e4 c6 2. d4 d5 3. exd5 cxd5 4. Nf3 Nf6 5. Bd3 Bg4 6. O-O e6 7. Nbd2 Be7
8. Re1 O-O 9. Nf1 Nc6 10. c3 Bh5 11. Ng3 Bg6 12. Bg5 Bxd3 13. Qxd3 a6 14.
Re2 b5 15. Rae1 Na5 16. b3 Rc8 17. h4 Nb7 18. h5 Nd6 19. Ne5 Nfe4 20. Bxe7
Qxe7 21. Nxe4 Nxe4 22. c4 bxc4 23. bxc4 f6 24. cxd5 fxe5 25. Rxe4 exd5 26.
Rxe5 Qf6 27. Qg3 Rc2 28. f3 Qf4 29. Qxf4 Rxf4 30. Rxd5 Rd2 31. Re7 Rfxd4 32.
Rxd4 Rxd4 33. Ra7 Ra4 34. Kf2 Rxa2+ 35. Kg3 h6 36. Kh3 a5 37. g4 a4 38. Kg3
a3 39. Kf4 Ra1 40. Kf5 Kh7 41. f4 a2 42. Ra6 Kg8 43. Ra7 Kh7 44. Ra6 Kg8 45.
Kg6 Kf8 46. g5 hxg5 47. fxg5 Rb1 48. Rxa2 Rb6+ 49. Kf5 Rb7 50. Ra8+ Kf7 51.
g6+ Ke7 52. Rg8 Rb5+ 53. Kg4 Rb4+ 54. Kf3 Rb3+ 55. Ke4 Kf6 56. Rf8+ Kg5 57.
Rf5+ Kh6 58. Ra5 Rh3 59. Kf4 Rxh5 60. Ra6 Rg5 61. Ke4 Rxg6 62. Ra8 Rf6 63.
Ke5 Kg6 64. Rh8 Rf1 65. Rh1 Rxh1 66. Ke4 Rf1 67. Ke3 Rf8 68. Ke2 Kh5 69. Ke3
Kh4 70. Ke2 g5 71. Ke3 g4 72. Ke4 g3 73. Ke5 g2 74. Ke6 g1=Q 75. Ke7 Rf2 76.
Ke6 Qe1+ {White forfeits on time} 0-1

[Event "ICCopen2017"]
[Site "Internet Chess Club"]
[Date "2017.03.25"]
[Round "5"]
[White "Montserrat"]
[Black "xvs"]
[Result "1-0"]
[ICCResult "Black resigns"]
[WhiteElo "1879"]
[BlackElo "1598"]
[Opening "English: Sicilian reversed"]
[ECO "A25"]
[NIC "EO.20"]
[Time "14:51:54"]
[TimeControl "180+0"]

1. c4 e5 2. Nc3 Nc6 3. g3 Nf6 4. Bg2 Bc5 5. e3 d6 6. Nge2 a5 7. O-O O-O 8.
b3 Bb4 9. Bb2 Bf5 10. d4 Re8 11. Rc1 Qd7 12. a3 Bxc3 13. Nxc3 exd4 14. exd4
Bg4 15. Qd2 Nb4 16. axb4 axb4 17. Nd5 Re2 18. Nxf6+ gxf6 19. Qf4 Rxb2 20.
Bxb7 Raa2 21. Qxf6 Qf5 22. Qxf5 Bxf5 23. Ra1 Bd3 24. Rxa2 Rxa2 25. Rd1 Bc2
26. Re1 Bxb3 27. Bd5 c6 28. Bxc6 Bxc4 29. Rc1 b3 30. Rxc4 b2 31. Be4 Ra1+
32. Kg2 b1=Q 33. Bxb1 Rxb1 34. Rc6 Kg7 35. Rxd6 Rd1 36. g4 f6 37. h4 Kg6 38.
Kg3 Rd3+ 39. f3 h5 40. g5 {Black resigns} 1-0

[Event "ICCopen2017"]
[Site "Internet Chess Club"]
[Date "2017.03.25"]
[Round "5"]
[White "julkat-ch"]
[Black "Mercury"]
[Result "0-1"]
[ICCResult "White forfeits on time"]
[WhiteElo "1828"]
[BlackElo "2134"]
[Opening "Sicilian: Taimanov variation"]
[ECO "B46"]
[NIC "SI.39"]
[Time "14:50:40"]
[TimeControl "180+0"]

1. e4 c5 2. Nf3 e6 3. d4 cxd4 4. Nxd4 Nc6 5. Nc3 a6 6. Be2 d6 7. Be3 Nf6 8.
O-O Be7 9. Kh1 O-O 10. f4 Qc7 11. Qe1 Nxd4 12. Bxd4 Nd7 13. Qg3 Bf6 14. Bxf6
Nxf6 15. Bd3 b5 16. e5 dxe5 17. fxe5 Ne8 18. Rae1 Bb7 19. Ne4 Rd8 20. Ng5 g6
21. Qh4 h5 22. Qg3 Ng7 23. Ne4 Bxe4 24. Bxe4 Rd4 25. Rf6 Rfd8 26. Bd3 Rg4
27. Qf2 Rd5 28. h3 Rg5 29. Rf1 Rd7 30. h4 Rxe5 31. Qf4 Nf5 32. Bxf5 exf5 33.
Qg5 Re2 34. R6xf5 Qxc2 35. Rxf7 Rxf7 36. Rxf7 Kxf7 37. Qf4+ Qf5 38. Qc7+ Re7
{White forfeits on time}
0-1

[Event "ICCopen2017"]
[Site "Internet Chess Club"]
[Date "2017.03.25"]
[Round "5"]
[White "Koval"]
[Black "fisherino"]
[Result "1-0"]
[ICCResult "Black checkmated"]
[WhiteElo "1967"]
[BlackElo "1644"]
[Opening "King's Indian: Sämisch, 5...O-O"]
[ECO "E81"]
[NIC "KI.54"]
[Time "14:51:40"]
[TimeControl "180+0"]

1. d4 Nf6 2. c4 g6 3. Nc3 Bg7 4. e4 d6 5. f3 O-O 6. Be3 c5 7. d5 e6 8. Qd2
exd5 9. cxd5 a6 10. a4 Nbd7 11. Nh3 Ne5 12. Nf2 Bd7 13. a5 b5 14. axb6 Qxb6
15. h3 Bb5 16. f4 Ned7 17. Bd3 Nh5 18. g4 Nhf6 19. O-O Rfe8 20. Rfe1 Bxd3
21. Qxd3 Qxb2 22. Reb1 Rab8 23. Rxb2 Rxb2 24. Rxa6 Bf8 25. g5 Nh5 26. Ng4
Reb8 27. Bc1 R2b3 28. Ra7 Nb6 29. e5 c4 30. Qd2 Ng3 31. Nf6+ Kg7 32. e6 Nf5
33. Rxf7+ Kh8 34. Rxh7# {Black checkmated} 1-0

[Event "ICCopen2017"]
[Site "Internet Chess Club"]
[Date "2017.03.25"]
[Round "5"]
[White "Kandor"]
[Black "Sellect"]
[Result "0-1"]
[ICCResult "White checkmated"]
[WhiteElo "1130"]
[BlackElo "1489"]
[Opening "Sicilian defense"]
[ECO "B20"]
[NIC "SI.48"]
[Time "14:52:20"]
[TimeControl "180+0"]

1. e4 c5 2. d3 d6 3. Nd2 e6 4. g3 Nf6 5. Bg2 Be7 6. Ngf3 O-O 7. O-O Qc7 8.
Qe2 Nc6 9. c3 b5 10. b3 Rb8 11. h3 Ne5 12. Re1 Rd8 13. Nf1 Bb7 14. Kh2 a5
15. Bf4 a4 16. Bxe5 dxe5 17. bxa4 bxa4 18. a3 Ba6 19. c4 Rb3 20. Reb1 Rdxd3
21. Rxb3 Rxb3 22. N1d2 Rb2 23. Rb1 Qb8 24. Rxb2 Qxb2 25. Nxe5 Qxa3 26. f4
Qb2 27. Nd3 Qd4 28. Nf3 Qxc4 29. Nde5 Qxe2 30. g4 Nxe4 31. g5 a3 32. Kg1 a2
33. Bf1 a1=Q 34. Ng4 Qaxf1# {White checkmated} 0-1

[Event "ICCopen2017"]
[Site "Internet Chess Club"]
[Date "2017.03.25"]
[Round "5"]
[White "MAU"]
[Black "chesslive"]
[Result "1-0"]
[ICCResult "Black forfeits on time"]
[WhiteElo "1764"]
[BlackElo "1084"]
[Opening "Queen's pawn game, Chigorin variation"]
[ECO "A04"]
[NIC "QP.11"]
[Time "14:52:32"]
[TimeControl "180+0"]

1. Nf3 Nc6 2. d4 d5 3. Bg5 Qd6 4. c3 e6 5. Nbd2 Nf6 6. Qb3 Be7 7. e3 Qd8 8.
Bd3 O-O 9. h3 Nh5 10. Bxe7 Qxe7 11. g4 Nf6 12. Qc2 Qd6 13. O-O-O b6 14. Rdg1
a5 15. h4 Ba6 16. h5 Bxd3 17. Qxd3 b5 18. g5 Ne4 19. Nxe4 dxe4 20. Qxe4 b4
21. c4 b3 22. a3 a4 23. Nd2 Na5 24. f4 c5 25. Qe5 Qxe5 26. fxe5 cxd4 27.
exd4 Rac8 28. c5 Nc6 29. Rg4 Rcd8 30. Rhh4 Rd5 31. Nc4 Rdd8 32. Nd6 f6 33.
gxf6 g6 34. hxg6 h6 35. Rxh6 {Black forfeits on time} 1-0

[Event "ICCopen2017"]
[Site "Internet Chess Club"]
[Date "2017.03.25"]
[Round "5"]
[White "tolialuisan"]
[Black "pagoda"]
[Result "0-1"]
[ICCResult "White forfeits on time"]
[WhiteElo "1522"]
[BlackElo "1819"]
[Opening "Pirc defense"]
[ECO "B07"]
[NIC "PU.08"]
[Time "14:51:32"]
[TimeControl "180+0"]

1. e4 d6 2. d4 Nf6 3. f3 c6 4. Be3 b5 5. a4 bxa4 6. Nc3 a3 7. Rxa3 Nbd7 8.
Nge2 a5 9. g4 Nb6 10. Ng3 e6 11. Ra1 Be7 12. Bd3 O-O 13. Qe2 Nfd7 14. Nd1 c5
15. c3 Bb7 16. Nf2 Bg5 17. Bxg5 Qxg5 18. h4 Qf4 19. Nh5 Qh6 20. Nh3 e5 21.
Qf2 cxd4 22. cxd4 d5 23. Ng3 dxe4 24. Bxe4 Bxe4 25. fxe4 exd4 26. Nf5 Qe6
27. Qxd4 Ne5 28. Nf4 Nf3+ 29. Kf2 Nxd4 30. Nxe6 fxe6 {White forfeits on
time} 0-1

[Event "ICCopen2017"]
[Site "Internet Chess Club"]
[Date "2017.03.25"]
[Round "5"]
[White "Chamanx"]
[Black "schastlivchik"]
[Result "0-1"]
[ICCResult "White checkmated"]
[WhiteElo "1450"]
[BlackElo "1803"]
[Opening "Alekhine's defense: Scandinavian variation"]
[ECO "B02"]
[NIC "AL.10"]
[Time "14:51:01"]
[TimeControl "180+0"]

1. e4 Nf6 2. Nc3 d5 3. exd5 Nxd5 4. Nf3 Bg4 5. Be2 c6 6. d4 e6 7. Nxd5 cxd5
8. O-O Be7 9. h3 Bh5 10. g4 Bg6 11. Ne5 O-O 12. Nxg6 hxg6 13. f4 Nc6 14. g5
a6 15. h4 b5 16. h5 gxh5 17. Bxh5 g6 18. Be2 Kg7 19. c3 Rh8 20. Kg2 Qb6 21.
Rh1 b4 22. Bd2 bxc3 23. bxc3 Qb2 24. Bd3 Rxh1 25. Qxh1 Qxd2+ 26. Kg1 Rh8 27.
Qf3 Qxc3 28. Rf1 Qxd4+ 29. Kg2 Bc5 30. Kg3 Qe3 31. Qxe3 Bxe3 32. Re1 d4 33.
Bxa6 Nb4 34. Bc4 Rc8 35. Bb3 Rc3 36. Kg2 Nd3 37. Rd1 Nxf4+ 38. Kf1 Nd3 39.
Kg2 Nc5 40. Rb1 Nxb3 41. axb3 d3 42. Kf3 Bxg5 43. Rd1 d2+ 44. Ke2 Rc1 45. b4
Rxd1 46. Kxd1 Kf8 47. b5 Ke7 48. b6 Kd7 49. b7 Kc7 50. b8=Q+ Kxb8 51. Ke2
Kc7 52. Kd1 Kc6 53. Ke2 Kc5 54. Kd1 Kc4 55. Ke2 Kc3 56. Kd1 e5 57. Ke2 Kc2
58. Kf1 d1=Q+ 59. Kg2 Qg4+ 60. Kh1 Kd2 61. Kh2 Ke2 62. Kh1 Kf2 63. Kh2 Qg2#
{White checkmated}
0-1

[Event "ICCopen2017"]
[Site "Internet Chess Club"]
[Date "2017.03.25"]
[Round "5"]
[White "bythebook"]
[Black "KnightWalker"]
[Result "0-1"]
[ICCResult "White forfeits on time"]
[WhiteElo "1521"]
[BlackElo "1400"]
[Opening "Sicilian: Canal-Sokolsky attack, 3...Bd7"]
[ECO "B52"]
[NIC "SI.01"]
[Time "14:51:13"]
[TimeControl "180+0"]

1. e4 c5 2. Nf3 d6 3. Bb5+ Bd7 4. Qe2 Nc6 5. c3 Nf6 6. O-O a6 7. Bd3 Bg4 8.
Bc2 Ne5 9. d4 Nxf3+ 10. gxf3 Bh3 11. Re1 Qd7 12. Kh1 O-O-O 13. Nd2 g5 14.
Nc4 Qc7 15. Rg1 g4 16. fxg4 d5 17. exd5 Rxd5 18. Ne5 e6 19. Rg3 Bxg4 20.
Nxg4 Nh5 21. Rf3 Bd6 22. dxc5 Rxc5 23. Be3 Rb5 24. Bd3 Ra5 25. b4 Ra3 26.
Bd4 Rg8 27. Ne5 f5 28. Bc4 Re8 29. Bb3 Ng7 30. Rg1 Re7 31. Rfg3 Ne8 32. Rg8
Kb8 33. Nc4 Rxb3 34. axb3 b6 35. Nxd6 Qxd6 36. Be5 Kb7 37. Bxd6 Nxd6 38.
R8g7 Rxg7 {White forfeits on time} 0-1

[Event "ICCopen2017"]
[Site "Internet Chess Club"]
[Date "2017.03.25"]
[Round "5"]
[White "aplusk"]
[Black "BlackHorse96"]
[Result "0-1"]
[ICCResult "White checkmated"]
[WhiteElo "2784"]
[BlackElo "3064"]
[Opening "Robatsch defense: Geller's system"]
[ECO "B06"]
[NIC "KF.05"]
[Time "14:51:21"]
[TimeControl "180+0"]

1. e4 g6 2. d4 Bg7 3. c3 d6 4. Nf3 Nd7 5. Bd3 e5 6. O-O Ne7 7. Qc2 O-O 8.
dxe5 dxe5 9. Rd1 c6 10. Nbd2 Qc7 11. Bf1 a5 12. Nc4 a4 13. Bg5 Nc5 14. Be3
b6 15. b4 axb3 16. axb3 Bg4 17. b4 Nd7 18. Be2 h6 19. h3 Be6 20. Nfd2 f5 21.
f3 g5 22. Nb2 Ng6 23. Bc4 Bxc4 24. Ndxc4 Rxa1 25. Rxa1 fxe4 26. Qxe4 Nf4 27.
Bf2 Nf6 28. Qxe5 Qxe5 29. Nxe5 N6d5 30. Nxc6 Bxc3 31. Rb1 Re8 32. Nc4 Re2
33. Nd4 Rxf2 34. Kxf2 Bxd4+ 35. Kg3 Nc3 36. Rb3 Nce2+ 37. Kg4 Kf7 38. Ne3
Kg6 39. h4 h5# {White checkmated} 0-1

[Event "ICCopen2017"]
[Site "Internet Chess Club"]
[Date "2017.03.25"]
[Round "5"]
[White "dsolomon"]
[Black "alexander77"]
[Result "0-1"]
[ICCResult "White forfeits on time"]
[WhiteElo "1094"]
[BlackElo "1772"]
[Opening "Queen's pawn: Charlick (Englund) gambit"]
[ECO "A40"]
[NIC "QO.17"]
[Time "14:51:52"]
[TimeControl "180+0"]

1. d4 e5 2. e3 e4 3. Ne2 d5 4. Nbc3 c6 5. Nf4 Nf6 6. Be2 Bd6 7. Nh5 Nxh5 8.
Bxh5 Qg5 9. O-O Nd7 10. Qg4 Qxg4 11. Bxg4 Nf6 12. Bxc8 Rxc8 13. f3 exf3 14.
Rxf3 O-O 15. Ne2 Rfe8 16. Bd2 Re7 17. Nf4 Rce8 18. Re1 Ne4 19. Bc1 a5 20.
Ne2 b5 21. Ng3 Nxg3 22. hxg3 Re4 23. Ref1 f6 24. a3 Rg4 25. Kh2 h5 26. Kh3
Ree4 27. Rf5 Rxg3+ 28. Kh2 Rf3+ 29. Kg1 Rxf1+ 30. Kxf1 h4 31. Bd2 Kf7
{White forfeits on time}
0-1

[Event "ICCopen2017"]
[Site "Internet Chess Club"]
[Date "2017.03.25"]
[Round "5"]
[White "TricksOnly"]
[Black "Kusox"]
[Result "0-1"]
[ICCResult "White resigns"]
[WhiteElo "1937"]
[BlackElo "2154"]
[Opening "Sicilian: Najdorf"]
[ECO "B90"]
[NIC "SI.14"]
[Time "14:51:19"]
[TimeControl "180+0"]

1. e4 c5 2. Nf3 d6 3. d4 cxd4 4. Nxd4 Nf6 5. Nc3 a6 6. Qd3 Nbd7 7. Be2 e6 8.
Qg3 Qc7 9. O-O Nc5 10. Bd3 b5 11. a3 Bb7 12. Re1 Rc8 13. Bg5 Be7 14. Rad1 h6
15. Bd2 Nxd3 16. cxd3 d5 17. e5 Nh5 18. Qg4 g6 19. h3 Ng7 20. Rc1 Qd7 21.
Na2 h5 22. Qf3 O-O 23. Bb4 Nf5 24. Nxf5 exf5 25. Bxe7 Qxe7 26. d4 Rc4 27.
Rxc4 dxc4 28. d5 Rd8 29. Nc3 Qc5 30. Rd1 a5 31. Qe2 b4 32. axb4 axb4 33. Na4
Qb5 34. b3 Rxd5 35. Nb2 Rxd1+ 36. Nxd1 Qd5 37. Ne3 Qd3 38. Qxd3 cxd3 39. Kf1
Kf8 40. g3 Ke7 41. Ke1 Ke6 42. f4 Bd5 43. Kd2 Bxb3 44. Kxd3 Bd5 45. Nc2 Be4+
46. Kd2 Bxc2 47. Kxc2 Kd5 48. Kb3 Ke4 49. Kxb4 Kf3 50. Kc5 Kxg3 51. Kd6 Kxf4
52. e6 fxe6 53. Kxe6 g5 54. Kf6 g4 55. Kg6 gxh3 56. Kxh5 h2 {White resigns}
0-1

[Event "ICCopen2017"]
[Site "Internet Chess Club"]
[Date "2017.03.25"]
[Round "5"]
[White "Papasha"]
[Black "UnderArmour"]
[Result "1-0"]
[ICCResult "Black checkmated"]
[WhiteElo "2521"]
[BlackElo "1962"]
[Opening "French: Steinitz, Boleslavsky variation"]
[ECO "C11"]
[NIC "FR.04"]
[Time "14:51:56"]
[TimeControl "180+0"]

1. e4 e6 2. d4 d5 3. Nc3 Nf6 4. e5 Nfd7 5. f4 c5 6. Nf3 Nc6 7. Be3 a6 8. Qd2
b5 9. dxc5 Bxc5 10. Bd3 Bb7 11. Bxc5 Nxc5 12. Qf2 Qe7 13. O-O g6 14. Ne2 Ne4
15. Qe3 Nb4 16. a3 Nxd3 17. cxd3 Nc5 18. Ned4 h5 19. Rac1 Rc8 20. b4 Na4 21.
Rxc8+ Bxc8 22. Rc1 O-O 23. Nb3 Bb7 24. Nfd4 Rc8 25. Rxc8+ Bxc8 26. Qc1 Bb7
27. g3 Qd7 28. Nc5 Qc8 29. Kf2 Kf8 30. Ke3 Ke7 31. Kd2 Nxc5 32. Qxc5+ Qxc5
33. bxc5 Kd7 34. Kc3 Kc7 35. Kb4 Bc8 36. Ka5 Bb7 37. Nc2 Kc6 38. d4 Kc7 39.
Nb4 Bc8 40. Nxa6+ Kc6 41. Nb4+ Kc7 42. Kxb5 Bd7+ 43. c6 Bc8 44. Kc5 Kb8 45.
Kb6 Ka8 46. a4 Kb8 47. a5 f5 48. exf6 h4 49. f7 hxg3 50. f8=Q g2 51. Na6+
Ka8 52. Qxc8# {Black checkmated} 1-0

[Event "ICCopen2017"]
[Site "Internet Chess Club"]
[Date "2017.03.25"]
[Round "5"]
[White "Cool-Defender"]
[Black "marianzaim"]
[Result "0-1"]
[ICCResult "White forfeits on time"]
[WhiteElo "1579"]
[BlackElo "1912"]
[Opening "King's Indian: East Indian defense"]
[ECO "A48"]
[NIC "QP.06"]
[Time "14:50:52"]
[TimeControl "180+0"]

1. d4 Nf6 2. Nf3 g6 3. b3 Bg7 4. Bb2 O-O 5. Nbd2 d5 6. g3 Nbd7 7. Bg2 c5 8.
e3 cxd4 9. exd4 b6 10. O-O Bb7 11. Re1 e6 12. Ne5 Qc7 13. Ndf3 Rac8 14. Rc1
b5 15. a3 a6 16. c4 bxc4 17. bxc4 dxc4 18. Rxc4 Qd6 19. Qc2 Rxc4 20. Qxc4
Rc8 21. Qb3 Qb6 22. Qxb6 Nxb6 23. Rc1 Na4 24. Rxc8+ Bxc8 25. Bc1 Bb7 26. Bd2
Nb6 27. Bf1 Nfd7 28. Nxd7 Nxd7 29. Be2 Bxf3 30. Bxf3 Bxd4 31. a4 Nc5 32. a5
Nb3 33. Be1 Be5 34. Be2 Bc7 35. Bxa6 Bxa5 36. Bc4 Bxe1 37. Bxb3 Kg7 38. Kf1
Bb4 39. Ke2 e5 40. f3 f5 41. h3 Kf6 42. g4 Bc5 43. Kf1 Kg5 44. Kg2 Kf4 45.
Bg8 h6 46. Bh7 fxg4 47. hxg4 g5 48. Be4 Ke3 49. Bb7 Bb4 50. Be4 Be1 51. Bc6
Bh4 52. Be4 Kf4 53. Bc6 Ke3 54. Bb7 Kd4 55. Bc6 Kc5 56. Be4 Kb6 57. Bg6 Kc6
58. Bh5 Kd6 59. Bg6 Ke6 60. Be4 Kf6 61. Bf5 Ke7 62. Be4 Kd6 63. Bb7 Kc5 64.
Be4 Kd4 65. Bf5 Be1 66. Be4 Ba5 67. Bf5 Bc7 68. Be4 Ke3 69. Bf5 Kf4 70. Be4
Bd6 71. Bd5 Ke3 72. Be4 Kd4 73. Bf5 Kc5 {White forfeits on time} 0-1

[Event "ICCopen2017"]
[Site "Internet Chess Club"]
[Date "2017.03.25"]
[Round "5"]
[White "Zephyr"]
[Black "Werewolf"]
[Result "0-1"]
[ICCResult "White resigns"]
[WhiteElo "1526"]
[BlackElo "2168"]
[Opening "English opening"]
[ECO "A20"]
[NIC "EO.24"]
[Time "14:52:44"]
[TimeControl "180+0"]

1. c4 e5 2. g3 Nf6 3. Bg2 c6 4. d4 exd4 5. Qxd4 Bb4+ 6. Nc3 O-O 7. e4 Na6 8.
Ne2 Ng4 9. O-O d6 10. a3 Bc5 11. Qd2 Ne5 12. b3 Bg4 13. Kh1 Bf3 14. Nd4
Bxg2+ 15. Kxg2 Qf6 16. f3 Rad8 17. Bb2 h5 18. Nf5 g6 19. Nh4 Qe7 20. Rad1
Nc7 21. Na4 Ne6 22. Nxc5 dxc5 23. Qc3 f6 24. Kf2 Nd4 25. h3 Qe6 26. Kg2 g5
27. Nf5 Nxf5 28. exf5 Qxf5 29. Rxd8 Rxd8 30. f4 Qe4+ 31. Kh2 Rd3 32. Qc1
Nf3+ 33. Rxf3 Qxf3 34. Qe1 Kf7 35. fxg5 fxg5 36. Be5 Re3 {White resigns} 0-1

[Event "ICCopen2017"]
[Site "Internet Chess Club"]
[Date "2017.03.25"]
[Round "5"]
[White "fishbein"]
[Black "veteranrus"]
[Result "1-0"]
[ICCResult "Black forfeits on time"]
[WhiteElo "2615"]
[BlackElo "1919"]
[Opening "Sicilian: classical"]
[ECO "B58"]
[NIC "SI.25"]
[Time "14:51:52"]
[TimeControl "180+0"]

1. e4 c5 2. Nf3 Nc6 3. d4 cxd4 4. Nxd4 Nf6 5. Nc3 d6 6. Be2 g6 7. Nb3 Bg7 8.
O-O O-O 9. Bg5 Be6 10. f4 Na5 11. f5 Bc4 12. Kh1 Rc8 13. Nxa5 Bxe2 14. Qxe2
Qxa5 15. Bxf6 Bxf6 16. Nd5 Qa6 17. Qxa6 bxa6 18. c3 Rc4 19. Rfe1 Rb8 20. Re2
Kf8 21. Rf1 Be5 22. g3 gxf5 23. exf5 Rb5 24. b3 Rc8 25. c4 Rb7 26. Kg2 a5
27. Re4 a4 28. b4 Ke8 29. a3 e6 30. fxe6 fxe6 31. Nf6+ Ke7 32. Nxh7 Rbc7 33.
Ng5 Rxc4 34. Rf7+ Ke8 35. Rxc4 Rxc4 36. Rxa7 Rc2+ 37. Kh3 Bd4 38. Ra8+ Kd7
39. Rxa4 Bg1 40. Nf3 Be3 41. Kg4 e5 42. h4 e4 43. Ng5 {Black forfeits on
time} 1-0

[Event "ICCopen2017"]
[Site "Internet Chess Club"]
[Date "2017.03.25"]
[Round "5"]
[White "DropZone"]
[Black "NWRiver"]
[Result "1-0"]
[ICCResult "Black forfeits on time"]
[WhiteElo "2136"]
[BlackElo "1647"]
[Opening "Queen's pawn game"]
[ECO "D02"]
[NIC "QP.08"]
[Time "14:51:38"]
[TimeControl "180+0"]

1. d4 d5 2. Nf3 e6 3. Bf4 Nf6 4. e3 Be7 5. h3 h6 6. c4 c6 7. Nc3 Nbd7 8. Bd3
b6 9. cxd5 Nxd5 10. Nxd5 exd5 11. O-O Bb7 12. Rc1 O-O 13. Qe2 Nf6 14. Ba6
Bxa6 15. Qxa6 Qd7 16. Ne5 Qe8 17. Nxc6 Ne4 18. Nxe7+ Qxe7 19. Rc7 Qb4 20.
Qa3 Qxa3 21. bxa3 Nd2 22. Rfc1 Nc4 23. a4 a6 24. e4 Rac8 25. Rxc8 Rxc8 26.
exd5 b5 27. axb5 axb5 28. d6 Rd8 29. a4 Nb2 30. Rb1 Nxa4 31. Rxb5 Nc3 32.
Rb7 Ne2+ 33. Kf1 Nxf4 34. d7 Ne6 35. d5 Nc5 36. Rc7 Nxd7 37. g4 Nf6 38. d6
Ne4 39. d7 Nf6 40. Rc8 Nxd7 41. Rxd8+ Nf8 42. Kg2 g6 43. f3 Kg7 44. Ra8 Ne6
45. Ra7 Nf4+ 46. Kg3 Nd3 47. Rd7 Ne5 48. Re7 {Black forfeits on time} 1-0

[Event "ICCopen2017"]
[Site "Internet Chess Club"]
[Date "2017.03.25"]
[Round "5"]
[White "RnZ"]
[Black "Mormegil"]
[Result "1-0"]
[ICCResult "Black checkmated"]
[WhiteElo "2018"]
[BlackElo "1742"]
[Opening "Réti v Dutch"]
[ECO "A04"]
[NIC "QP.11"]
[Time "14:51:12"]
[TimeControl "180+0"]

1. Nf3 f5 2. g3 Nf6 3. Bg2 g6 4. b3 Bg7 5. Bb2 d6 6. O-O e5 7. d3 O-O 8.
Nbd2 c6 9. c4 Be6 10. e4 Nbd7 11. Qe2 Qe7 12. d4 fxe4 13. Nxe4 Nxe4 14. Qxe4
Bf5 15. Qe3 e4 16. Nh4 Rae8 17. Rab1 d5 18. cxd5 cxd5 19. Nxf5 gxf5 20. f4
Nf6 21. Bh3 Ng4 22. Bxg4 fxg4 23. Rbc1 Rc8 24. Rf2 Qb4 25. Rfc2 Rxc2 26.
Rxc2 h5 27. a3 Qb5 28. Rc5 Qd7 29. Kf2 Rf6 30. Qc3 Rc6 31. b4 Rxc5 32. Qxc5
Qa4 33. Qxd5+ Kh8 34. Qxh5+ Kg8 35. Qe8+ Kh7 36. Qxe4+ Kh8 37. Qe2 Qb3 38.
Kg2 Qd5+ 39. Kg1 Bxd4+ 40. Bxd4+ Qxd4+ 41. Kf1 Qa1+ 42. Kf2 Qxa3 43. Qe8+
Kh7 44. Qe7+ Kg8 45. Qd8+ Kf7 46. Qd7+ Kf8 47. Qc8+ Ke7 48. Qxb7+ Kf6 49.
Qc6+ Kf5 50. Qd7+ Kf6 51. Qd6+ Kf5 52. Qe5+ Kg6 53. Qg5+ Kf7 54. Qf5+ Ke7
55. Qe5+ Kf7 56. Qd5+ Kg7 57. Qe5+ Kf7 58. Qe3 Qxb4 59. Kg2 Qb7+ 60. Kg1
Qb1+ 61. Kf2 Qb2+ 62. Qe2 Qb6+ 63. Kf1 Qb1+ 64. Qe1 Qb5+ 65. Qe2 Qb1+ 66.
Kf2 Qb6+ 67. Ke1 Qb1+ 68. Kd2 Qb2+ 69. Ke3 Qb3+ 70. Ke4 Qe6+ 71. Kd3 Qb3+
72. Kd4 Qb6+ 73. Kc3 Qc5+ 74. Qc4+ Qxc4+ 75. Kxc4 Ke6 76. Kb5 Kd5 77. Ka6
Ke4 78. Kxa7 Kf3 79. f5 Kg2 80. f6 Kxh2 81. f7 Kxg3 82. f8=Q Kh2 83. Qf2+
Kh3 84. Qg1 g3 85. Kb6 g2 86. Kc5 Kh4 87. Kd4 Kh5 88. Qxg2 Kh4 89. Ke4 Kh5
90. Kf5 Kh6 91. Qg6# {Black checkmated} 1-0

[Event "ICCopen2017"]
[Site "Internet Chess Club"]
[Date "2017.03.25"]
[Round "5"]
[White "Fighterman"]
[Black "ARMCOMPOSER"]
[Result "0-1"]
[ICCResult "White resigns"]
[WhiteElo "2466"]
[BlackElo "2986"]
[Opening "Queen's pawn: Chigorin variation"]
[ECO "D00"]
[NIC "QP.08"]
[Time "14:52:28"]
[TimeControl "180+0"]

1. d4 d5 2. Nc3 Nf6 3. Bf4 c5 4. e3 cxd4 5. exd4 a6 6. Bd3 Nc6 7. Nge2 Nb4
8. O-O Bg4 9. f3 Bh5 10. Bf5 e6 11. a3 exf5 12. axb4 Bxb4 13. Be5 O-O 14.
Bxf6 Qxf6 15. Nxd5 Qd6 16. Nef4 Bg6 17. c3 f6 18. cxb4 Bf7 19. Ra5 b6 20.
Nxb6 Qxb6 21. Qd2 Rfd8 22. Rc5 Rab8 23. b5 Qxc5 {White resigns} 0-1

[Event "ICCopen2017"]
[Site "Internet Chess Club"]
[Date "2017.03.25"]
[Round "5"]
[White "sonofmarabu"]
[Black "GrandPatzer5"]
[Result "0-1"]
[ICCResult "White forfeits on time"]
[WhiteElo "1669"]
[BlackElo "1926"]
[Opening "Giuoco Piano"]
[ECO "C54"]
[NIC "IG.02"]
[Time "14:51:12"]
[TimeControl "180+0"]

1. e4 Nc6 2. Nf3 e5 3. Bc4 Bc5 4. c3 Nf6 5. d3 a6 6. Nbd2 d6 7. O-O Ba7 8.
h3 O-O 9. Re1 Ne7 10. Nf1 Ng6 11. Ng3 c6 12. Be3 Be6 13. Bb3 Qd7 14. Bxe6
fxe6 15. Qb3 Bxe3 16. Rxe3 h6 17. d4 exd4 18. Nxd4 Rf7 19. Qxe6 Qxe6 20.
Nxe6 Re8 21. Nd4 d5 22. Rae1 Rfe7 23. Ndf5 Re5 24. exd5 Rxe3 25. Rxe3 Rxe3
26. Nxe3 cxd5 27. Ngf5 Ne4 28. Nxd5 b5 29. Nc7 Nc5 30. Nd4 Ne5 31. b4 Na4
32. Nxa6 Nxc3 33. a3 Nc4 34. Nc7 Nxa3 35. Kf1 Kh7 36. Ke1 g5 37. Kd2 Ne4+
38. Ke3 Nd6 39. g3 Kg6 40. f4 gxf4+ 41. Kxf4 h5 42. Nce6 Nac4 43. Nc5 Nd2
44. Nf3 N2c4 45. Nd4 h4 46. gxh4 Kh5 47. Kg3 Nd2 48. Nce6 N2e4+ 49. Kf4 Kxh4
50. Nc6 Kxh3 51. Nc5 Nd2 52. Ne6 N2c4 53. Ned4 Kh2 54. Ne7 Kg1 55. Nd5 Kf1
56. Nc7 Ke1 57. Ncxb5 Kd1 {White forfeits on time} 0-1

[Event "ICCopen2017"]
[Site "Internet Chess Club"]
[Date "2017.03.25"]
[Round "5"]
[White "Skeptic1972"]
[Black "Palse"]
[Result "1/2-1/2"]
[ICCResult "White ran out of time and Black has no material to mate"]
[WhiteElo "1713"]
[BlackElo "2238"]
[Opening "Sicilian: Canal-Sokolsky (Nimzovich-Rossolimo, Moscow) attack"]
[ECO "B51"]
[NIC "SI.01"]
[Time "14:50:56"]
[TimeControl "180+0"]

1. e4 c5 2. Nf3 d6 3. Bb5+ Nd7 4. d4 cxd4 5. Qxd4 a6 6. Bxd7+ Bxd7 7. c4 e5
8. Qd3 b5 9. Nc3 Qb6 10. Be3 Qb7 11. O-O Nf6 12. Rfd1 Be7 13. Bg5 bxc4 14.
Qxc4 O-O 15. Qe2 Rab8 16. Bxf6 Bxf6 17. Rxd6 Be6 18. b3 Qc7 19. Rd3 Rfc8 20.
Rad1 Qa5 21. Nd5 Bd8 22. Nxe5 Qc5 23. Nf3 f6 24. Nf4 Bf7 25. Nd4 Bb6 26.
Nde6 Qe5 27. Qg4 g6 28. Rd7 Rc2 29. R7d2 Rbc8 30. h4 Rxd2 31. Rxd2 Qxe4 32.
Kh2 Qe5 33. Re2 Qd6 34. h5 g5 35. g3 Re8 36. Nxg5 fxg5 37. Qxg5+ Kf8 38. Rd2
Qc5 39. Qf6 Qe5 40. Qxb6 Bxh5 41. Qh6+ Kf7 42. Qxh5+ Qxh5+ 43. Nxh5 Re4 44.
Nf4 Re7 45. Rd6 Rc7 46. Rxa6 Rc2 47. Kg2 h5 48. Ra7+ Kf6 49. b4 Ke5 50. Nxh5
Kd4 51. Nf4 Rb2 52. a3 Ke4 53. Re7+ Kf5 54. Re3 Kf6 55. Nd5+ Kf7 56. a4 Rb1
57. b5 Ra1 58. Ra3 Kg6 59. Rxa1 Kg5 60. Re1 Kf5 61. Re3 Kg4 62. b6 Kg5 63.
b7 Kg6 64. b8=Q Kg5 {White ran out of time and Black has no material to
mate} 1/2-1/2